Map: Acropolis LE

Players

Adagio

  • Race: Terran Terran
  • League: Master
  • Spawn Location: 5:00

Mez - Winner!

  • Race: Terran Terran
  • League: Master
  • Spawn Location: 11:00

VOD

Have the link to the VOD?

Description

Time

  • Played on: Aug. 13, 2019, 6:14 a.m.
  • Length: 11:17
Show
View Real Time Build Order
Export as new Build Order

Adagio Terran 

Build Orders: Gas First Reaper Expand 

Get SALT Encoding   

  12  0:00  SCV  
  13  0:12  SCV  
  14  0:17  Supply Depot  
  14  0:25  SCV  
  15  0:32  Refinery  
  15  0:38  SCV  
  16  0:43  Barracks  
  16  0:50  SCV  
  17  1:03  SCV  
  18  1:15  SCV  
  19  1:30  Reaper, Orbital Command  
  20  1:45  Command Center  
  19  1:55  SCV  
  19  1:59  Factory  
  20  2:07  SCV  
  21  2:11  Reaper  
  21  2:15  Supply Depot  
  22  2:19  Refinery, SCV  
  23  2:40  SCV  
  23  2:43  Reaper, Hellion  
  27  2:53  SCV  
  27  2:55  Starport  
  28  2:59  Orbital Command  
  28  3:04  Factory Tech Lab  
  28  3:06  SCV  
  29  3:15  Barracks Reactor  
  29  3:18  SCV  
  30  3:25  SCV  
  31  3:27  Cyclone  
  31  3:30  SCV  
  31  3:32  Refinery  
  35  3:37  SCV  
  36  3:41  Starport Tech Lab  
  36  3:42  SCV  
  36  3:44  Supply Depot  
  37  3:49  SCV  
  37  3:51  Marine  
  37  3:52  Marine  
  37  3:55  SCV  
  41  4:01  SCV  
  42  4:05  Command Center  
  42  4:07  SCV  
  43  4:10  Raven  
  43  4:12  Marine  
  43  4:13  Marine  
  47  4:18  SCV  
  47  4:19  SCV  
  49  4:27  Supply Depot  
  49  4:30  Marine  
  49  4:31  Marine  
  50  4:37  SCV x2  
  52  4:48  Cyclone, Marine  
  52  4:49  Marine, Supply Depot  
  57  4:56  Raven  
  57  4:57  SCV x2  
  61  5:07  Marine  
  61  5:10  SCV x2, Marine  
  61  5:11  Supply Depot  
  61  5:13  Engineering Bay  
  65  5:15  Supply Depot  
  65  5:21  Barracks, Orbital Command  
  65  5:26  Siege Tank  
  68  5:32  SCV  
  68  5:34  SCV  
  70  5:45  SCV  
  70  5:46  SCV  
  70  5:49  Orbital Command  
  72  5:51  Marine  
  73  5:57  SCV  
  73  5:58  SCV  
  73  6:00  Siege Tank  
  73  6:01  Viking x2  
  82  6:08  Stimpack, Barracks Reactor  
  82  6:11  Barracks  
  82  6:13  Barracks x2  
  82  6:18  SCV x3  
  84  6:22  Marine  
  86  6:31  Viking x2  
  90  6:35  SCV x3  
  93  6:40  Marine  
  88  6:49  Marine x2  
  88  6:52  Siege Tank  
  92  6:58  Marine  
  92  7:00  Barracks Reactor x2  
  92  7:01  Barracks Reactor, Viking x2  
  97  7:13  SCV  
  97  7:14  SCV x2  
  88  7:36  Liberator x2  
  73  7:46  Marine x3  
  73  7:47  Marine x6  
  73  7:48  Siege Tank  
  85  8:12  Marine x9  
  94  8:14  Combat Shield  
  94  8:16  SCV x2  
  94  8:19  Refinery  
  96  8:21  SCV  
  97  8:28  SCV x2  
  97  8:29  Marine  
  97  8:30  Marine  
  101  8:39  Supply Depot  
  101  8:42  Supply Depot x2  
  101  8:44  Supply Depot  
  101  8:48  Terran Infantry Weapons Level 1, Supply Depot  
  101  8:49  SCV x3, Marine x5  
  101  8:50  Engineering Bay  
  101  8:52  Supply Depot  
  101  8:53  Armory  
  101  8:54  Supply Depot  
  101  8:55  Supply Depot  
  109  9:00  Viking, Marine x4  
  109  9:01  SCV  
  116  9:04  SCV x2  
  118  9:14  SCV  
  118  9:16  SCV x2  
  121  9:18  Marine  
  121  9:26  SCV  
  110  9:54  Marine x4  
  110  9:55  Marine x5  
  116  10:12  Siege Tank, Marine x9, Medivac x2  
  132  10:19  Refinery  
  132  10:20  Refinery  
  132  10:30  Marine  
  133  10:38  Supply Depot  
  133  10:44  Siege Tank  
  136  10:51  Sensor Tower  
Show
View Real Time Build Order
Export as new Build Order

Mez Terran - Winner!

Build Orders: Reaper Expand 

Get SALT Encoding   

  12  0:00  SCV  
  13  0:13  SCV  
  14  0:19  Supply Depot  
  14  0:25  SCV  
  15  0:41  SCV  
  16  0:43  Barracks  
  16  0:47  Refinery  
  16  0:53  SCV  
  17  1:05  SCV  
  18  1:17  SCV  
  19  1:31  Reaper, Orbital Command  
  20  1:47  Command Center  
  20  1:51  Supply Depot  
  20  1:57  SCV  
  21  2:03  Refinery  
  21  2:04  Barracks Reactor  
  21  2:09  SCV  
  22  2:24  Factory  
  22  2:32  SCV  
  23  2:38  Bunker  
  23  2:41  Marine x2  
  25  2:46  SCV  
  26  2:58  SCV, Marine  
  27  2:59  Marine  
  27  3:00  Orbital Command  
  29  3:11  Factory Tech Lab  
  29  3:15  Starport  
  29  3:17  SCV  
  29  3:18  Refinery  
  30  3:20  Marine x2  
  32  3:30  SCV x2  
  32  3:31  Cyclone  
  37  3:40  Marine  
  37  3:41  Marine, Supply Depot  
  38  3:46  SCV x2  
  40  3:52  Starport Tech Lab  
  40  3:58  SCV x2  
  40  4:00  Marine x2  
  44  4:04  Supply Depot  
  44  4:08  Siege Tank  
  47  4:11  Raven  
  47  4:15  SCV x2  
  51  4:19  Marine x2  
  53  4:27  SCV x2  
  53  4:29  Supply Depot  
  55  4:39  SCV x2  
  55  4:41  Marine x2  
  55  4:42  Siege Tank  
  62  4:51  SCV x2, Supply Depot  
  64  4:55  Raven  
  64  4:59  Marine x2  
  68  5:03  SCV x2  
  70  5:15  Siege Tank  
  70  5:18  Supply Depot  
  70  5:20  Marine, Command Center  
  70  5:21  Marine  
  75  5:27  SCV x2  
  77  5:35  Supply Depot  
  77  5:38  Barracks x2  
  77  5:40  Engineering Bay  
  77  5:41  Engineering Bay  
  77  5:46  SCV x2  
  77  5:49  Refinery  
  79  5:53  Marine  
  79  5:54  Stimpack, Viking  
  82  5:59  Viking  
  83  6:11  SCV x2  
  85  6:20  Marine  
  85  6:22  Siege Tank  
  85  6:23  SCV  
  85  6:25  SCV  
  89  6:35  SCV  
  89  6:37  Barracks Reactor x2  
  89  6:38  SCV  
  91  6:46  Barracks x2  
  91  6:47  SCV  
  91  6:50  SCV  
  91  6:51  Terran Infantry Armor Level 1, Terran Infantry Weapons Level 1  
  93  6:59  SCV  
  94  7:07  Siege Tank, SCV, Medivac x2, Supply Depot  
  94  7:08  Marauder, Orbital Command, Supply Depot  
  104  7:10  Supply Depot  
  104  7:11  SCV  
  105  7:19  SCV  
  106  7:23  SCV  
  106  7:28  Marine  
  85  7:46  Marine  
  85  7:47  Marine x3  
  85  7:48  Barracks Reactor x2  
  89  7:55  SCV x2  
  87  8:05  Marine  
  87  8:06  Marine x4  
  87  8:07  Siege Tank, Medivac x2  
  87  8:08  SCV x3  
  93  8:14  Armory  
  93  8:18  Combat Shield, Supply Depot  
  93  8:20  SCV x2, Supply Depot  
  93  8:23  Marine x3  
  93  8:24  Marine x2  
  93  8:25  Marine x2  
  102  8:27  Factory  
  102  8:32  Marine x2  
  104  8:36  Refinery  
  104  8:37  Refinery, Medivac x2  
  108  8:41  Marine x2  
  108  8:47  Marine x5  
  115  8:48  Siege Tank  
  115  8:49  Marine  
  115  8:50  Marine  
  120  8:58  Command Center  
  120  8:59  Marine x2  
  120  9:02  Supply Depot x2  
  122  9:05  Missile Turret, Marine x2  
  122  9:07  Missile Turret  
  122  9:08  Marine x4  
  122  9:09  Missile Turret  
  128  9:12  Missile Turret  
  126  9:29  Marine x9  
  126  9:30  Viking x2  
  135  9:47  Marine x3  
  130  10:01  Marine x6  
  130  10:02  Siege Tank  
  130  10:03  Factory Tech Lab  
  130  10:04  Marine  
  130  10:05  Marine x2  
  133  10:08  Viking  
  133  10:09  Viking  
  129  10:15  Barracks  
  129  10:16  Barracks  
  129  10:19  Barracks  
  129  10:28  Marine x6, Starport x2  
  128  10:29  Marine x3  
  137  10:38  Medivac  
  137  10:39  Medivac  
  141  10:46  Marine x8  
Tags
 
Add a new tag
Caveats
  • Supply blocks, unpowered buildings, or Contaminate may cause inaccurate times.
  • Supply counts are checked every 10 seconds.